 Dungeon Crawl Stone Soup version 0.18-b1-17-g3aa4875 (webtiles) character file.

1148 shmeve the Skirmisher (level 8, -11/68 (71) HPs)
             Began as a Mottled Draconian Berserker on May 2, 2016.
             Was a Priest of Trog.
             Mangled by an ogre
             ... wielding a +0 giant club
              (23 damage)
             ... on level 5 of the Dungeon.
             The game lasted 00:10:30 (4371 turns).

shmeve the Skirmisher (Mottled Draconian Berserker) Turns: 4371, Time: 00:10:31

HP:   -11/68 (71)   AC:  8    Str: 22    XL:     8   Next: 15%
MP:   8/8           EV: 14    Int:  8    God:    Trog [***...]
Gold: 227           SH:  0    Dex: 10    Spells: 0 memorised, 7 levels left

rFire  . . .     SeeInvis .     a - +0 hand axe
rCold  . . .     Gourm    .     (armour unavailable)
rNeg   . . .     Faith    .     (no shield)
rPois  +         Spirit   .     (helmet restricted)
rElec  .         Dismiss  +     c - +0 cloak
rCorr  .         Reflect  .     (no gloves)
SustAt .         Harm     .     u - +0 pair of boots
MR     .....                    B - amulet of dismissal
Stlth  ++........               (no ring)
                                v - ring of poison resistance

@: short of breath, not resistant to hostile enchantments, unstealthy
A: breathe sticky flame splash, unfitting armour, cold-blooded, AC +6
a: Breathe Sticky Flame, Berserk, Trog's Hand, Burn Spellbooks, Renounce
Religion


You were on level 5 of the Dungeon.
You worshipped Trog.
Trog was most pleased with you.
You were not hungry.

You visited 1 branch of the dungeon, and saw 5 of its levels.

You collected 227 gold pieces.

Inventory:

Hand Weapons
 a - a +0 hand axe (weapon)
Armour
 c - a +0 cloak (worn)
 u - a +0 pair of boots (worn)
Jewellery
 v - a ring of poison resistance (left hand)
 B - an amulet of dismissal (around neck)
Scrolls
 d - 3 scrolls of remove curse
 e - a scroll of noise {unknown}
 f - 2 scrolls of magic mapping {unknown}
 h - a scroll of fear {unknown}
 i - 4 scrolls of identify {unknown}
 j - a scroll of enchant armour {unknown}
 l - a scroll of amnesia {unknown}
 m - 2 scrolls of blinking {unknown}
 o - a scroll of enchant weapon {unknown}
 t - a scroll of immolation {unknown}
 y - a scroll of teleportation {unknown}
Potions
 g - 4 potions of curing {unknown}
 k - a potion of lignification {unknown}
 n - a potion of resistance {unknown}
 s - a potion of berserk rage {unknown}
 x - a potion of flight {unknown}
 z - a potion of magic {unknown}
 A - a potion of degeneration {unknown}
Books
 r - a book of Cantrips

   Spells                             Type                      Level
   a - Corona                         Hexes                        1
   b - Animate Skeleton               Necromancy                   1
   c - Summon Small Mammal            Summoning                    1
   d - Apportation                    Translocation                1
   Trog disapproves of the use of such an item.
Comestibles
 b - 2 bread rations
 p - a slice of pizza
 q - 3 meat rations
 w - a fruit


   Skills:
 * Level 6.4 Fighting
 * Level 6.0 Axes
 * Level 5.5 Dodging
 + Level 3.2 Stealth


You had 7 spell levels left.
You didn't know any spells.

Dungeon Overview and Level Annotations

Branches:
Dungeon (5/15)
 Temple: D:4-7

Altars:
Ashenzari
Cheibriados
Dithmenos
Elyvilon
Nemelex Xobeh
Pakellas
Trog


Innate Abilities, Weirdness & Mutations

You can spit globs of burning liquid.
You can ignite nearby creatures when you spit burning liquid.
Your weird mottled scales are hard (AC +6).
Your body does not fit into most forms of armour.
You are cold-blooded and may be slowed by cold attacks.


Message History

Something hits you but does no damage.
You miss something. You tail-slap something.
Something hits you but does no damage.
You miss something. Something hits you but does no damage.
You hit something but do no damage. Something hits you but does no damage.
You hit something. You tail-slap something. Trog accepts your kill.
Reactivating autopickup.
Your Axes skill increases to level 6!
You feel a bit more experienced.
You see here a plate armour.
There is a stone staircase leading down here.
Press: ? - help, Shift-Dir - straight line, f - ogre
Aim: an ogre, wielding a giant club You spit a glob of burning liquid.
The splash of liquid fire hits the ogre.
The ogre is lightly wounded.
The ogre is covered in liquid flames!
You feel somewhat more hungry.
The ogre burns!
The ogre hits you with a giant club!!
You die...

......+.........#.# #.# #.# #.#
......#.#..####.#.# #.# #.# #.#
....[..)......#.#.###.# #.# #.#
##.##.##.#.##.#.#...#.# #.# #.#
#.##.......#.#.#.#.#.# #.####.##
##..#######...........# #.##....#
................#.#.#####.##.####
###.#######............##.##.#
........[......O@>#.##.##.##.#
####.######.#.<..##.##.##.##.#
#..# #.#....##.##.##.##(# ##.##
#.#.......##<##.##.# #..#
#.#...##..#####.##.# ##.##
#.#.......# #.##.# #..#
#.#..###..# #.##.# ##.# #.##.#
#..# #.##.# #.# #.##.# #..#
#.##.#


You could see an ogre (burning).

Vanquished Creatures
  The ghost of shmeve the Skirmisher, an amateur DrBe of Trog (D:3)
  Duvessa (D:4)
  A sky beast (D:5)
  A necrophage (D:5)
  An ogre (D:4)
  A centaur (D:5)
  A giant frog (D:4)
  Dowan (D:4)
  A scorpion (D:5)
  A giant frog skeleton (D:4)
  A hound (D:4)
  A centaur skeleton (D:4)
  An iguana (D:5)
  An orc wizard (D:3)
  3 worker ants (D:4)
  A hound zombie (D:3)
  4 adders
  An ooze (D:1)
  A worm (D:3)
  A dart slug (D:4)
  6 orcs
  3 giant cockroaches
  7 hobgoblins
  11 jackals
  A quokka (D:3)
  6 bats
  A giant gecko skeleton (D:4)
  4 giant newts
  7 goblins
  7 kobolds
  4 rats
82 creatures vanquished.

Notes
Turn   | Place    | Note
--------------------------------------------------------------
     0 | D:1      | shmeve the Draconian Berserker began the quest for the Orb.
     0 | D:1      | Reached XP level 1. HP: 19/19 MP: 1/1
   167 | D:1      | Reached XP level 2. HP: 22/26 MP: 2/2
   442 | D:1      | Found a snail-covered altar of Cheibriados.
   605 | D:1      | Reached ** piety under Trog
   734 | D:1      | Reached XP level 3. HP: 33/33 MP: 3/3
   905 | D:2      | Found a bloodstained altar of Trog.
   944 | D:2      | Found a sparkling altar of Nemelex Xobeh.
   948 | D:2      | Found a shadowy altar of Dithmenos.
  1204 | D:2      | Found an oddly glowing altar of Pakellas.
  1463 | D:3      | Reached skill level 1 in Stealth
  1515 | D:3      | Noticed shmeve's ghost (amateur DrBe)
  1525 | D:3      | Killed shmeve's ghost
  1525 | D:3      | Reached XP level 4. HP: 17/41 MP: 4/4
  1525 | D:3      | Reached XP level 5. HP: 20/47 MP: 5/5
  1525 | D:3      | Reached XP level 6. HP: 23/53 MP: 6/6
  1874 | D:3      | Found a shattered altar of Ashenzari.
  2116 | D:3      | Found a faded altar to an unknown god.
  2126 | D:3      | Reached skill level 5 in Fighting
  2301 | D:4      | Reached *** piety under Trog
  2658 | D:4      | Reached skill level 5 in Axes
  2838 | D:4      | Your scales start taking on a weird mottled colour.
  2838 | D:4      | Reached XP level 7. HP: 48/61 MP: 7/7
  3031 | D:4      | Found a white marble altar of Elyvilon.
  3031 | D:4      | Noticed Dowan
  3032 | D:4      | Noticed Duvessa
  3046 | D:4      | Killed Dowan
  3050 | D:4      | Killed Duvessa
  3397 | D:4      | Reached skill level 5 in Dodging
  3586 | D:5      | Entered Level 5 of the Dungeon
  4145 | D:5      | Reached XP level 8. HP: 34/67 MP: 8/8
  4325 | D:5      | HP: 2/67 [something (6)]
  4371 | D:5      | Mangled by an ogre

Skill      XL: |  1  2  3  4  5  6  7  8 |
---------------+-------------------------+-----
Dodging        | 3 4 5 |  5.5
Fighting       | 4 5 6 |  6.4
Stealth        | 1 2 3 |  3.2
Axes           | 4 5 6 |  6.0

Action                   |  1- 3 |  4- 6 |  7- 9 || total
-------------------------+-------+-------+-------++-------
Melee: Hand axe          |   139 |    88 |   114 ||   341
       Tailslap          |    18 |    15 |    15 ||    48
Invok: Berserk           |     1 |       |     1 ||     2
       Burn Spellbooks   |       |     1 |       ||     1
       Trog's Hand       |       |       |     1 ||     1
 Abil: Breathe Sticky Fl |       |       |     2 ||     2
  Use: Scroll            |       |     1 |       ||     1
 Stab: Sleeping          |       |     1 |     3 ||     4
  Eat: Chunk             |     2 |     5 |     5 ||    12
       Fruit             |       |       |     2 ||     2
Armor: Skin              |    82 |    30 |    49 ||   161
Dodge: Dodged            |   132 |    64 |    66 ||   262
